 Dungeon Crawl Stone Soup version 0.20.1-1-g8b1a95d (webtiles) character file.

574 namelastname112 the Skirmisher (level 7, -3/62 HPs)
             Began as a Purple Draconian Wanderer on July 30, 2017.
             Slain by a scorpion (8 damage)
             ... in an ossuary.
             The game lasted 00:06:09 (4733 turns).

namelastname112 the Skirmisher (DrWn)               Turns: 4733, Time: 00:06:10

Health: -3/62      AC: 10    Str: 14    XL:     7   Next: 12%
Magic:  8/8        EV: 14    Int: 13    God:
Gold:   178        SH:  0    Dex: 12    Spells: 8/8 levels left

rFire    . . .     SeeInvis .   a - +2 hand axe
rCold    . . .     Gourm    +   (no shield)
rNeg     . . .     Faith    .   (armour unavailable)
rPois    .         Spirit   .   (helmet restricted)
rElec    .         Reflect  .   (no cloak)
rCorr    .         Harm     .   g - +0 pair of gloves
MR       +....                  o - +2 pair of boots
Stlth    ++........             v - amulet of the gourmand
Regen    0.2/turn               (no ring)
MPRegen  0.2/turn               (no ring)

@: lethally poisoned (-3 -> -5)
A: breathe power, unfitting armour, cold-blooded, AC +6
a: Breathe Dispelling Energy


You were in an ossuary.
You were hungry.

You visited 1 branch of the dungeon, and saw 5 of its levels.
You also visited: Ossuary.

You collected 178 gold pieces.

Inventory:

Hand Weapons
 a - a +2 hand axe (weapon)
 d - a +0 dagger
Missiles
 i - 7 javelins (quivered)
Armour
 g - a +0 pair of gloves (worn)
 o - a +2 pair of boots (worn)
Jewellery
 j - an uncursed amulet of magic regeneration
 v - an amulet of the gourmand (around neck)
Wands
 n - a wand of polymorph (0/24)
Scrolls
 c - 4 scrolls of teleportation
 e - a scroll of identify
 k - a scroll of remove curse
 m - a scroll of fog {unknown}
Potions
 h - a potion of might
 l - a potion of berserk rage
 q - a potion of brilliance
 r - a potion of haste
 u - 3 potions of curing
Books
 b - Sif Muna's Tome of Poison

   Spells                             Type                      Level
   a - Sting                          Conjuration/Poison           1
   b - Mephitic Cloud                 Conjuration/Poison/Air       3
Comestibles
 f - 5 bread rations


   Skills:
 + Level 5.7 Fighting
 - Level 2.0 Axes
 + Level 4.9 Dodging
 - Level 1.7 Stealth
 - Level 1.2 Spellcasting
   Level 1.2 Charms
   Level 3.0 Transmutations


You had 8 spell levels left.
You didn't know any spells.

Dungeon Overview and Level Annotations

Branches:
Dungeon (5/15)
 Temple: D:4-7

Altars:
Dithmenos
Okawaru
Qazlal
Yredelemnul
Zin

Annotations:
D:4 Pikel


Innate Abilities, Weirdness & Mutations

You can breathe bolts of dispelling energy.
Your rich purple scales are hard. (AC +6)
You cannot fit into any form of body armour.
You are cold-blooded and may be slowed by cold attacks.


Message History

The scorpion completely misses you.
The scorpion zombie completely misses you.
You hit the scorpion.
The scorpion is severely wounded.
You hit the scorpion zombie but do no damage.
You hit the human zombie. The scorpion stings you.
* * * LOW HITPOINT WARNING * * *
The human zombie barely misses you. The scorpion zombie hits you.
* * * LOW HITPOINT WARNING * * *
You feel sick.
There is an open door here.
An arrow shoots out and misses you.
There is an arrow trap here.
You closely miss the scorpion.
The scorpion is severely wounded.
The scorpion completely misses you.
You hit the scorpion.
The scorpion is almost dead.
The scorpion stings you!
You die...

##+##########
#?..#...#...#
#?.!#...8...#
#??M#.......#
######8...8##
#..^#Z......#
#..@sZ..8...#
#...#Z..#...#
##'###### +##
#...#...#
#...8...#
#.......#
##8...8##
#.......#
#...8...#


You could see a mummy, a scorpion, a scorpion zombie, a gnoll zombie and a human
zombie.

Vanquished Creatures
  2 ogres
  A phantom (D:4)
  2 scorpions
  A crimson imp (D:4)
  A centaur zombie (Ossuary)
  An orc priest (D:4)
  3 adders
  3 gnolls (D:4)
  A scorpion zombie (Ossuary)
  2 adder skeletons
  2 worms (D:2)
  2 dart slugs (D:1)
  2 leopard geckos (D:2)
  4 orcs
  2 giant cockroaches
  3 goblins
  3 hobgoblins
  9 kobolds
  3 quokkas
  2 ball pythons
  A bat (D:2)
  2 frilled lizards (D:3)
  A goblin zombie (Ossuary)
  A kobold zombie (Ossuary)
  A quokka skeleton (D:4)
  5 rats
60 creatures vanquished.

Notes
Turn   | Place    | Note
-------+----------+-------------------------------------------
     0 | D:1      | namelastname112 the Draconian Wanderer began the quest for the Orb.
     0 | D:1      | namelastname112 set off with: a +2 hand axe, Sif Muna's Tome of Poison, a scroll of teleportation, a +0 dagger, a bread ration
     0 | D:1      | Reached XP level 1. HP: 16/16 MP: 2/2
     0 | D:1      | Identified Sif Muna's Tome of Poison
    92 | D:1      | Reached skill level 1 in Dodging
   391 | D:1      | Reached XP level 2. HP: 24/24 MP: 3/3
   548 | D:1      | Reached skill level 2 in Fighting
  1234 | D:2      | Reached XP level 3. HP: 17/29 MP: 4/4
  1655 | D:2      | Found a glowing silver altar of Zin.
  1658 | D:2      | Found an iron altar of Okawaru.
  1661 | D:2      | Found a basalt altar of Yredelemnul.
  1664 | D:2      | Found a stormy altar of Qazlal.
  2454 | D:3      | Reached XP level 4. HP: 36/37 MP: 5/5
  2475 | D:3      | Found a shadowy altar of Dithmenos.
  2896 | D:4      | Noticed an ogre
  2942 | D:3      | Killed an ogre
  2942 | D:3      | Reached skill level 3 in Fighting
  2942 | D:3      | Reached XP level 5. HP: 41/46 MP: 6/6
  3054 | D:4      | Reached skill level 4 in Fighting
  3239 | D:4      | Noticed a phantom
  3246 | D:4      | Noticed an ogre
  3279 | D:4      | Killed an ogre
  3279 | D:4      | Reached XP level 6. HP: 27/53 MP: 7/7
  3670 | D:4      | Reached skill level 5 in Fighting
  4226 | D:4      | Noticed a slave
  4228 | D:4      | Noticed Pikel
  4228 | D:4      | Noticed a slave
  4230 | D:4      | Noticed a slave
  4230 | D:4      | Noticed a slave
  4279 | D:5      | Entered Level 5 of the Dungeon
  4514 | D:5      | Found a sand-covered staircase.
  4544 | Ossuary  | Entered an ossuary
  4680 | Ossuary  | Your scales start taking on a rich purple colour.
  4680 | Ossuary  | Reached XP level 7. HP: 60/61 MP: 8/8
  4733 | Ossuary  | Slain by a scorpion

Skill      XL: |  1  2  3  4  5  6 |
---------------+-------------------+-----
Dodging        | 1 2 3 4 |  4.9
Fighting       | 2 3 4 5 |  5.7
Axes           | |  2.0
Stealth        | |  1.7
Spellcasting   | |  1.2
Charms         | |  1.2
Transmutations | |  3.0

Action                   |  1- 3 |  4- 6 |  7- 9 || total
-------------------------+-------+-------+-------++-------
Melee: Hand axe          |   117 |   137 |    35 ||   289
       Tailslap          |     9 |    15 |     2 ||    26
Throw: Javelin           |       |     9 |       ||     9
Evoke: Wand              |       |     2 |       ||     2
  Use: Scroll            |       |     9 |       ||     9
 Stab: Sleeping          |     1 |       |       ||     1
  Eat: Chunk             |     5 |       |       ||     5
       Bread ration      |       |     1 |       ||     1
       Royal jelly       |       |     1 |       ||     1
Armor: Skin              |    36 |    36 |    25 ||    97
Dodge: Dodged            |    68 |    88 |    34 ||   190
